 Dungeon Crawl Stone Soup version 0.29.1-15-g9cfb28693d (webtiles) character file.

Game seed: 6988507805707472232

75 javelincjr the Trooper (level 4, -3/35 HPs)
             Began as a Demonspawn Abyssal Knight on Mar 25, 2023.
             Was a Believer of Lugonu.
             Succumbed to Sigmund's poison
             ... on level 3 of the Dungeon.
             The game lasted 00:04:50 (2863 turns).

javelincjr the Trooper (Demonspawn Abyssal Knight)  Turns: 2863, Time: 00:04:50

Health: -3/35      AC: 10    Str: 13    XL:     4   Next: 11%
Magic:  6/6        EV:  5    Int: 14    God:    Lugonu [**....]
Gold:   138        SH:  0    Dex: 13    Spells: 3/3 levels left

rFire   . . .      SeeInvis .   u - +2 hand axe (freeze)
rCold   . . .      Faith    .   j - +0 buckler
rNeg    . . .      Spirit   .   v - +0 chain mail
rPois   .          Reflect  .   (no helmet)
rElec   .          Harm     +   m - scarf {harm}
rCorr   .          Rampage  .   o - +1 pair of gloves
Will    .....                   (no boots)
Stlth   ..........              (no amulet)
HPRegen 0.11/turn               (no ring)
MPRegen 0.10/turn               (no ring)

@: confused, lethally poisoned (-3 -> -26)
A: claws 1, hooves 1
a: Renounce Religion, Depart the Abyss, Bend Space


You were on level 3 of the Dungeon.
You worshipped Lugonu.
Lugonu was pleased with you.
You visited 1 branch of the dungeon, and saw 3 of its levels.
You visited the Abyss 1 time.

You collected 138 gold pieces.

Inventory:

Hand Weapons
 a - a +1 hand axe
 u - a +2 hand axe of freezing (weapon)
Missiles
 i - 5 boomerangs (quivered)
 l - 10 poisoned darts
Armour
 b - a +0 leather armour
 j - a +0 buckler (worn)
 m - a scarf of harm (worn)
 o - a +1 pair of gloves (worn)
 q - a +0 ring mail
 v - a +0 chain mail (worn)
Jewellery
 s - a +6 ring of dexterity
Wands
 t - a wand of flame (18)
Scrolls
 c - 3 scrolls of identify {unknown}
 d - a scroll of enchant armour {unknown}
 e - 2 scrolls of magic mapping {unknown}
 f - 2 scrolls of fog {unknown}
 g - a scroll of torment {unknown}
 h - a scroll of enchant weapon {unknown}
 k - 2 scrolls of immolation {unknown}
 r - 2 scrolls of fear {unknown}
Potions
 n - a potion of berserk rage {unknown}
 p - a potion of curing {unknown}


   Skills:
 + Level 3.4 Fighting
 + Level 2.3 Axes
 + Level 2.3 Armour
 + Level 1.6 Dodging
 + Level 0.4 Shields
 + Level 3.3 Invocations


You had 3 spell levels left.
You didn't know any spells.
Your spell library contained the following spells:

 Spells                   Type           Power      Damage    Failure   Level
 Beastly Appendage        Tmut           0%         N/A       100%        1
 Wereblood                Tmut           0%         N/A       100%        2
 Spider Form              Tmut/Pois      0%         N/A       100%        3


Dungeon Overview and Level Annotations

Branches:
Dungeon (3/15)

Altars:

Annotations:
D:3 Sigmund


Innate Abilities, Weirdness & Mutations

You have sharp fingernails.
You have large cloven feet.


Message History

The roots erupt in riotous growth!
The grasping roots grab you!
You are constricted.
You hear an angry hiss.
The roots grasp on you weakens, but your attempt to escape fails.
You are constricted.
You escape the roots grasp.
There is a stone staircase leading up here.
You climb upwards.
Reactivating autopickup.
There is a stone staircase leading down here.
You start resting.
HP restored.
There is a stone staircase leading down here.
You climb downwards.
Level annotation: Sigmund
There is a stone staircase leading up here.
Sigmund shouts!
Sigmund zaps a wand.
The roots erupt in riotous growth!
The grasping roots grab you! The grasping roots constrict you!
You hear an angry hiss. x2
You escape the roots grasp.
No target in view!
No target in view!
An adder comes into view.
Sigmund points at you and mumbles some strange words.
You are confused.
Sigmund casts a spell at you. The magic dart hits you.
You hit Sigmund. You freeze Sigmund.
Sigmund is lightly wounded.
Sigmund gestures at you while chanting. The magic dart hits you.
You miss Sigmund.
Sigmund is lightly wounded.
Sigmund hits you with a +1 scythe of venom!
* * * LOW HITPOINT WARNING * * *
You are lethally poisoned!
You die...

....# ....[.. ##..##
....... ##...#######.....
.......
###.......##..#...........
# #.#####.#...#...........
# #.# #.#.....# ....... #
#.# ##<....#.# ....... #
#.# ##.....#..###....... .
#.# #).#...S>.@.#.......
#.#.# #)##..##@##.........
#.#.###{##..##.##..#.#.###
# . #...#....<.##.## ..
#.##....##....# ..#
#..........#...#### .#
.........#.#.### ..
............. .
...........###


You could see Sigmund and an adder.

Vanquished Creatures
  2 worms (D:2)
  3 dart slugs
  3 orcs (D:3)
  5 bats
  4 endoplasms
  4 giant cockroaches
  6 hobgoblins
  3 jackals (D:1)
  4 kobolds
  2 quokkas (D:1)
  4 ball pythons
  2 frilled lizards (D:1)
  7 goblins
  7 rats
56 creatures vanquished.

Notes
Turn   | Place    | Note
-------+----------+-------------------------------------------
     0 | Abyss:1  | javelincjr the Demonspawn Abyssal Knight began the quest
                  | for the Orb.
     0 | Abyss:1  | Reached XP level 1. HP: 18/18 MP: 2/2
     2 | Abyss:1  | Found a corrupted altar of Lugonu.
     6 | Abyss:1  | Found a corrupted altar of Lugonu.
    89 | Abyss:1  | Noticed a flying skull
    92 | D:1      | Escaped the Abyss
   184 | D:1      | Reached skill level 1 in Dodging
   188 | D:1      | Reached ** piety under Lugonu
   331 | D:1      | Discovered your monstrous ancestry.
   331 | D:1      | Gained mutation: You have sharp fingernails. [demonic
                  | ancestry]
   331 | D:1      | Reached XP level 2. HP: 24/24 MP: 4/4
   822 | D:1      | Found a faded altar of an unknown god.
  1032 | D:1      | Reached XP level 3. HP: 29/29 MP: 5/5
  2613 | D:3      | Gained mutation: You have large cloven feet. [demonic
                  | ancestry]
  2613 | D:3      | Reached XP level 4. HP: 33/35 MP: 6/6
  2784 | D:3      | Noticed Sigmund
  2863 | D:3      | Succumbed to Sigmund's poison

Illustrated notes

Levels and vault maps discovered:
D:1:      tarquinn_simple_flora_water_b, layout_basic,
          ebering_ecumenical_altar_box
D:2:      layout_basic, serial_rivers, chequers_serial_rivers_room_a,
          chequers_serial_rivers_room_b, chequers_serial_rivers_micro_b,
          chequers_serial_rivers_micro_d, chequers_serial_rivers_marsh,
          chequers_serial_rivers_room_a, palyth_stone_intersect,
          minmay_goblin_kobold_house
D:3:      layout_rooms, uniq_sigmund

Skill      XL: |  1  2 |
---------------+-------+-----
Dodging        | 1 |  1.6
Axes           | 2 |  2.3
Armour         | 2 |  2.3
Invocations    | 3 |  3.3
Fighting       | |  3.4
Shields        | |  0.4

Action                   |  1- 3 |  4- 6 || total
-------------------------+-------+-------++-------
Melee: Hand axe          |   136 |    14 ||   150
       Punch             |     1 |       ||     1
       Kick              |       |     4 ||     4
Throw: Boomerang         |       |     1 ||     1
Invok: Depart the Abyss  |     1 |       ||     1
Armor: Leather armour    |    33 |       ||    33
       Ring mail         |    13 |     4 ||    17
Dodge: Dodged            |    77 |     8 ||    85
Block: Buckler           |    13 |       ||    13
